 Dungeon Crawl Stone Soup version 0.28-a0-1555-g9ae15a6949 (webtiles) character file.

Game seed: 14694071041954501424

90 wakim the Ruffian (level 4, 0/45 HPs)
             Began as a Troll Fighter on Jan 19, 2022.
             Slain by a gnoll (3 damage)
             ... on level 4 of the Dungeon.
             The game lasted 00:06:39 (2604 turns).

wakim the Ruffian (Troll Fighter)                   Turns: 2604, Time: 00:06:39

Health: 0/45       AC:  5    Str: 24    XL:     4   Next: 32%
Magic:  3/3        EV: 10    Int:  4    God:
Gold:   111        SH:  0    Dex: 11    Spells: 3/3 levels left

rFire   . . .      SeeInvis .     - Unarmed
rCold   . . .      Faith    .   (no shield)
rNeg    . . .      Spirit   .   a - +0 robe
rPois   .          Reflect  .   (helmet restricted)
rElec   .          Harm     .   W - +0 cloak
rCorr   .          Rampage  .   (gloves unavailable)
Will    .....                   (boots unavailable)
Stlth   +.........              (no amulet)
HPRegen 0.95/turn               (no ring)
MPRegen 0.08/turn               (no ring)

@: no status effects
A: large, unfitting armour, claws 3, regeneration 1, shaggy fur 1, tough skin 1
a: no special abilities


You were on level 4 of the Dungeon.
You visited 1 branch of the dungeon, and saw 4 of its levels.

You collected 111 gold pieces.

Inventory:

Hand Weapons
 b - a +2 dagger of venom
Missiles
 Q - 2 boomerangs (quivered)
Armour
 a - a +0 robe (worn)
 M - a +0 kite shield
 W - a +0 cloak (worn)
Wands
 z - a wand of polymorph (7)
Scrolls
 K - a scroll of amnesia {unknown}
 L - a scroll of silence {unknown}
 P - a scroll of magic mapping {unknown}
 S - a scroll of vulnerability {unknown}
 X - 3 scrolls of identify {unknown}
Potions
 N - a potion of might
 O - 2 potions of flight {unknown}
 R - 2 potions of heal wounds {unknown}
 T - 3 potions of curing {unknown}
 U - a potion of cancellation {unknown}
 V - a potion of ambrosia {unknown}
 Y - a potion of degeneration {unknown}
 Z - a potion of resistance {unknown}


   Skills:
 * Level 3.2 Fighting
 - Level 2.5 Dodging
 + Level 2.9 Shields
 * Level 3.2 Unarmed Combat


You had 3 spell levels left.
You didn't know any spells.
Your spell library was empty.

Dungeon Overview and Level Annotations

Branches:
Dungeon (4/15)
 Temple: D:4-7

Altars:
Hepliaklqana

Shops:
D:1 (


Innate Abilities, Weirdness & Mutations

You are too large for most types of armour.
You have claws for hands.
Your natural rate of healing is unusually fast.
You are covered in fur. (AC +1)
You have tough skin. (AC +1)


Message History

You closely miss the kobold. The kobold hits you with a +0 dagger.
You closely miss the kobold. The kobold hits you with a +0 dagger.
You closely miss the kobold. The kobold barely misses you.
The kobold hits you with a +0 dagger.
You claw the kobold!
You kill the kobold!
The kobold hits you but does no damage.
The giant cockroach bites you but does no damage.
You scratch the giant cockroach.
The giant cockroach is moderately wounded.
The kobold hits you but does no damage. The giant cockroach closely misses you.
You claw the giant cockroach!
You kill the giant cockroach!
The kobold barely misses you.
You miss the kobold. The kobold hits you but does no damage.
You completely miss the kobold. The kobold hits you with a +0 dagger.
You claw the kobold!
You kill the kobold!
You now have 111 gold pieces (gained 11).
There is a stone staircase leading up, spattered with blood here.
You climb upwards.
There is a stone staircase leading down here.
There is a stone staircase leading down here.
You climb downwards.
The gnoll sergeant shouts!
The gnoll shouts! x2
The gnoll sergeant hits you with a +3 spear.
The gnoll barely misses you.
The gnoll hits you from afar with a +2 halberd of flaming!
The gnoll burns you.
The gnoll sergeant hits you with a +3 spear!
* * * LOW HITPOINT WARNING * * *
The gnoll closely misses you. The gnoll barely misses you.
There is a stone staircase leading up, spattered with blood here.
The gnoll sergeant hits you with a +3 spear.
* * * LOW HITPOINT WARNING * * *
The gnoll barely misses you.
The gnoll hits you from afar with a +2 halberd of flaming!
* * * LOW HITPOINT WARNING * * *
The gnoll burns you.
You die...

## ##
...###.####
).........##
.....g.g...#
..g..g.@.#
#........#
#........#
#..###.###
#. ). # #.#
.# .# .#


You could see a gnoll sergeant and 3 gnolls.

Vanquished Creatures
  3 adders (D:3)
  A worm (D:3)
  A dart slug (D:3)
  An orc (D:3)
  6 endoplasms
  3 giant cockroaches
  3 goblins
  6 hobgoblins
  7 jackals (D:1)
  A quokka (D:1)
  3 ball pythons
  7 bats
  2 frilled lizards
  6 kobolds
  2 rats
52 creatures vanquished.

Vanquished Creatures (others)
  2 plants (D:1)
2 creatures vanquished.

Grand Total: 54 creatures vanquished

Notes
Turn   | Place    | Note
-------+----------+-------------------------------------------
     0 | D:1      | wakim the Troll Fighter began the quest for the Orb.
     0 | D:1      | Reached XP level 1. HP: 22/22 MP: 0/0
   176 | D:1      | Reached XP level 2. HP: 29/29 MP: 1/1
   532 | D:1      | Found Diotz's Weapon Emporium.
   708 | D:1      | Found a faded altar of an unknown god.
   738 | D:1      | Reached XP level 3. HP: 36/36 MP: 2/2
   960 | D:2      | Found a hazy altar of Hepliaklqana.
  1305 | D:2      | !bestwep
  2084 | D:3      | Reached XP level 4. HP: 45/45 MP: 3/3
  2526 | D:4      | Noticed a gnoll sergeant
  2604 | D:4      | Slain by a gnoll

Illustrated notes

#.##..# #.......#
#.###.## #+# #.).....#
#.# #..# #.# +.......#
#.# ##.# #.# #.......#
#.# #.###.# ##
#.####### #.# #..##.#
#. #....# ..# ##.##.#
#.#########.# ###
#.##.# #...#...###'##
#.##.####.@.#.#.#....#
#..#.#......#.#.'..[.#
##.#.#.#......###....#
####.#.# #....###
#....#
#####......#...##..
#....#
...........###+####.
###########
..........>†....# +
#....
......_)........#
#....
.........#......#
#....


Turn 1305 on D:2: !bestwep

Levels and vault maps discovered:
D:1:      psy_arrival_terrarium, layout_basic, serial_forest,
          infiniplex_forest_clump_C, infiniplex_forest_lined_ring,
          infiniplex_forest_end_1, infiniplex_forest_zigzag_1,
          infiniplex_forest_clump_curved, infiniplex_forest_lined_2,
          infiniplex_forest_lined_room_3, infiniplex_forest_clump_small,
          chequers_ecumenical_altar_island, serial_shops, nicolae_shop_trees
D:2:      layout_basic, basic_altar
D:3:      minmay_door_path, layout_loops_corners, nrook_mini_backslash
D:4:      minmay_wonky_spiral, layout_cave_pools, minivault_23

Skill      XL: |  1  2  3 |
---------------+----------+-----
Fighting       | 3 |  3.2
Unarmed Combat | 3 |  3.2
Dodging        | |  2.5
Shields        | |  2.9

Action                   |  1- 3 |  4- 6 || total
-------------------------+-------+-------++-------
Melee: Unarmed           |   111 |    19 ||   130
       Punch             |     4 |       ||     4
Throw: Boomerang         |     2 |       ||     2
 Stab: Sleeping          |     1 |       ||     1
Armor: Robe              |    50 |     7 ||    57
Dodge: Dodged            |    62 |    12 ||    74
Block: Kite shield       |    10 |       ||    10

Table legend: (Time is in decaauts)
 A = Elapsed time spent in this place.
 B = Non-inter-level travel time spent in this place.
 C = Inter-level travel time spent in this place.
 D = Time resting spent in this place.
 E = Time spent auto-exploring this place.
 F = Levels seen in this place.
 G = Mean time per level.
                   A        B        C        D        E       F      G
               +--------+--------+--------+--------+--------+-----+--------+
         Total |   2607 |   2403 |    204 |      0 |   1937 |   4 |  651.8 |
       Dungeon |   2607 |   2403 |    204 |      0 |   1937 |   4 |  651.8 |
               +--------+--------+--------+--------+--------+-----+--------+

Top non-repeatable levels by time:
     D:3: 1073 daAuts
     D:1: 929 daAuts
     D:2: 578 daAuts
     D:4: 26 daAuts
